 Dungeon Crawl Stone Soup version 0.31-a0-232-gb1c03b2570 (webtiles) character file.

Game seed: 46806263388228599

126 qw the Shooter (level 4, -8/37 HPs)
             Began as a Minotaur Hexslinger on July 7, 2023.
             Mangled by Pikel
             ... wielding a +1 whip of electrocution
              (9 damage)
             ... on level 4 of the Dungeon.
             The game lasted 00:00:52 (2249 turns).

qw the Shooter (Minotaur Hexslinger)                Turns: 2249, Time: 00:00:52

Health: -8/37      AC:  6    Str: 13    XL:     4   Next: 84%
Magic:  4/4        EV: 11    Int: 10    God:
Gold:   6          SH:  0    Dex: 14    Spells: 4/5 levels left

rFire   + + .        Y - +2 sling
rCold   . . .        (no shield)
rNeg    . . .        m - +1 ring mail {rF+}
rPois   .            (helmet restricted)
rElec   .            (no cloak)
rCorr   .            (no gloves)
SInv    .            (no boots)
Will    .....        (no amulet)
Stlth   +            j - ring of protection from fire
HPRegen 0.26/turn    (no ring)
MPRegen 0.09/turn

%: no passive effects
@: no status effects
A: horns 2, retaliatory headbutt
a: no special abilities


You were on level 4 of the Dungeon.
You visited 1 branch of the dungeon, and saw 4 of its levels.

You collected 182 gold pieces.
You spent 176 gold pieces at shops.


Innate Abilities, Weirdness & Mutations

You have a pair of horns on your head.
You reflexively headbutt those who attack you in melee.


   Skills:
 + Level 2.4 Fighting
 - Level 5.0 Ranged Weapons
 - Level 1.3 Armour
 - Level 2.1 Dodging
 - Level 1.0 Spellcasting
 - Level 2.0 Hexes


You had 4 spell levels left.
You knew the following spells:

 Your Spells              Type           Power      Damage    Failure   Level
a - Slow                  Hex            16%        N/A       32%         1

Your spell library contained the following spells:

 Spells                   Type           Power      Damage    Failure   Level
 Inner Flame              Hex/Fire       2%         N/A       82%         3
 Portal Projectile        Hex/Tloc       4%         N/A       82%         3
 Cause Fear               Hex            2%         N/A       97%         4

Inventory:

Hand Weapons
 Y - a +2 sling (weapon)
Armour
 m - a +1 ring mail of fire resistance (worn)
Jewellery
 j - a ring of protection from fire (left hand)
Scrolls
 a - a scroll of identify
Potions
 d - a potion of enlightenment
 e - a potion of mutation {unknown}
 f - a potion of lignification {unknown}
 g - a potion of curing

Dungeon Overview and Level Annotations

Branches:
Dungeon (4/15)
 Temple: D:4-7

Altars:

Shops:
D:2 =   D:3 *

Annotations:
D:4 Pikel


Message History

Pikel is moderately wounded.
Pikel hits you with a +1 whip of electrocution!
You shoot a sling bullet. The sling bullet hits Pikel.
Pikel is moderately wounded.
Pikel hits you with a +1 whip of electrocution.
You are electrocuted!
2242 ||| DRINKING potion of heal wounds.
You feel much better. Pikel closely misses you. You furiously retaliate!
You headbutt Pikel, but do no damage. You shoot a sling bullet.
The sling bullet hits Pikel but does no damage.
Pikel is moderately wounded.
Pikel barely misses you. Pikel closely misses you.
You shoot a sling bullet. The sling bullet closely misses Pikel.
The sling bullet hits the lemure.
The lemure is severely wounded.
Pikel barely misses you.
You shoot a sling bullet. The sling bullet hits Pikel.
Pikel is moderately wounded.
Pikel hits you with a +1 whip of electrocution.
You shoot a sling bullet. The sling bullet hits Pikel.
Pikel is heavily wounded.
Pikel hits you with a +1 whip of electrocution!
You are electrocuted!
You shoot a sling bullet. The sling bullet closely misses Pikel.
The sling bullet hits the lemure but does no damage.
The lemure is severely wounded.
Pikel hits you with a +1 whip of electrocution.
You shoot a sling bullet.
The sling bullet hits Pikel but does no damage.
Pikel is heavily wounded.
Pikel hits you but does no damage.
Pikel hits you with a +1 whip of electrocution.
You shoot a sling bullet.
The sling bullet completely misses Pikel.
The sling bullet closely misses the lemure.
The sling bullet barely misses the lemure.
Pikel hits you with a +1 whip of electrocution!
You die...

#.# #.#
#<#########
#.........#
#########.#
#.#
###.#####
#.......#
#.#@###.#
#.#K# # #55
#55# #..#
.... #..#
#..#


You could see Pikel and 4 lemures.

Vanquished Creatures
  Natasha (D:2)
  4 adders (D:3)
  2 worms (D:2)
  2 dart slugs (D:1)
  3 endoplasms
  A giant cockroach (D:2)
  6 hobgoblins
  4 jackals (D:3)
  7 kobolds
  4 quokkas
  5 ball pythons
  4 bats
  4 frilled lizards
  5 goblins
  3 rats
55 creatures vanquished.

Notes
Turn   | Place    | Note
-------+----------+-------------------------------------------
     0 | D:1      | qw the Minotaur Hexslinger began the quest for the Orb.
     0 | D:1      | Reached XP level 1. HP: 16/16 MP: 1/1
     0 | D:1      | 0 ||| qw: Version: 0.3-a-46-gb1f654a
     0 | D:1      | 0 ||| qw: Game counter: 2301
     0 | D:1      | 0 ||| qw: Melee chars always use a shield: true
     0 | D:1      | 0 ||| qw: God list: Okawaru
     0 | D:1      | 0 ||| qw: Allow faded altars: false
     0 | D:1      | 0 ||| qw: Do Orc after clearing Dungeon:15 true
     0 | D:1      | 0 ||| qw: Do second Lair branch before Depths: true
     0 | D:1      | 0 ||| qw: Lair rune preference: random
     0 | D:1      | 0 ||| qw: Goals: Normal
     0 | D:1      | 0 ||| PLANNING D:1-11
    47 | D:1      | Reached skill level 3 in Ranged Weapons
    47 | D:1      | Reached XP level 2. HP: 23/23 MP: 2/2
   404 | D:1      | Reached XP level 3. HP: 29/29 MP: 3/3
   499 | D:1      | 499 ||| UPGRADING to +0 ring mail.
   509 | D:1      | 509 ||| DROPPING +0 robe.
   510 | D:1      | 510 ||| UPGRADING to ring of protection from fire.
   511 | D:1      | 511 ||| READING scroll labelled DUM APINEM.
   512 | D:1      | 512 ||| READING scroll labelled UPEENI NOFE.
   513 | D:1      | 513 ||| DROPPING scroll of poison.
   558 | D:2      | 558 ||| FLEEEEING.
   559 | D:2      | 559 ||| STAIRDANCE
   560 | D:2      | 560 ||| STAIRDANCE
   652 | D:2      | Identified the +5 flail "Cookie Cutter" {flame, Fly Int+4}
   809 | D:2      | Noticed Natasha
   817 | D:2      | HP: 6/29 [Natasha (3)]
   819 | D:2      | HP: 1/29 [Natasha (6)]
   821 | D:2      | Killed Natasha
   822 | D:2      | Reached skill level 4 in Ranged Weapons
   973 | D:2      | Reached XP level 4. HP: 35/36 MP: 4/4
  1203 | D:2      | Found Uphuf's Jewellery Boutique.
  1211 | D:2      | 1211 ||| SHOPLISTING +6 ring of dexterity (360 gold, have
                  | 97).
  1211 | D:2      | 1211 ||| SHOPLISTING amulet of faith (400 gold, have 97).
  1211 | D:2      | 1211 ||| SHOPLISTING amulet of reflection (300 gold, have
                  | 97).
  1211 | D:2      | 1211 ||| SHOPLISTING ring of positive energy (200 gold,
                  | have 97).
  1211 | D:2      | 1211 ||| SHOPLISTING ring of willpower (250 gold, have 97).
  1369 | D:2      | 1369 ||| READING 3 scrolls labelled KAXUCV NODWE.
  1370 | D:2      | 1370 ||| READING scroll labelled SAFAUT CERICA.
  1371 | D:2      | 1371 ||| DRINKING 2 sapphire potions.
  1372 | D:2      | 1372 ||| READING 2 scrolls of identify.
  1372 | D:2      | 1372 ||| IDENTIFYING coppery potion
  1395 | D:3      | Reached skill level 1 in Armour
  1589 | D:3      | Found Nirghy's Assorted Antiques.
  1803 | D:3      | Reached skill level 5 in Ranged Weapons
  2164 | D:3      | 2164 ||| BUYING glowing ring mail (154 gold).
  2164 | D:3      | Bought a glowing ring mail for 154 gold pieces
  2164 | D:3      | 2164 ||| SHOPLISTING pair of boots (99 gold, have 28).
  2164 | D:3      | 2164 ||| BUYING scroll labelled MAENWOSIMU (22 gold).
  2164 | D:3      | Bought a scroll labelled MAENWOSIMU for 22 gold pieces
  2164 | D:3      | 2164 ||| SHOPLISTING scroll labelled ZAUS OCRI (22 gold,
                  | have 6).
  2164 | D:3      | 2164 ||| SHOPLISTING steaming lapis lazuli ring (110 gold,
                  | have 6).
  2176 | D:3      | 2176 ||| UPGRADING to +1 ring mail of fire resistance.
  2186 | D:3      | 2186 ||| DROPPING +0 ring mail.
  2187 | D:3      | 2187 ||| READING scroll labelled HETAEFEOTA.
  2188 | D:3      | 2188 ||| READING scroll labelled ZAUS OCRI.
  2189 | D:3      | 2189 ||| READING scroll labelled VIYDWO GOKOERE.
  2190 | D:3      | 2190 ||| READING scroll labelled MAENWOSIMU.
  2191 | D:3      | 2191 ||| DRINKING 2 silvery potions.
  2192 | D:3      | 2192 ||| READING 2 scrolls of identify.
  2192 | D:3      | 2192 ||| IDENTIFYING bubbling silvery potion
  2193 | D:3      | 2193 ||| DROPPING potion of brilliance.
  2227 | D:4      | Noticed a lemure
  2227 | D:4      | Noticed a lemure
  2228 | D:4      | Noticed a lemure
  2229 | D:4      | Noticed Pikel
  2230 | D:4      | Noticed a lemure
  2241 | D:4      | HP: 5/37 [Pikel/+1 whip of electrocution (10)]
  2242 | D:4      | 2242 ||| DRINKING potion of heal wounds.
  2246 | D:4      | HP: 8/37 [Pikel/+1 whip of electrocution (10)]
  2247 | D:4      | HP: 3/37 [Pikel/+1 whip of electrocution (5)]
  2248 | D:4      | HP: 1/37 [Pikel/+1 whip of electrocution (2)]
  2249 | D:4      | Mangled by Pikel

Levels and vault maps discovered:
D:1:      eino_arrival_cavern_e, layout_rooms
D:2:      layout_loops_ring, serial_shops, shop, uniq_natasha
D:3:      layout_loops_cross, serial_shops, nicolae_shop_tiny_glass
D:4:      minmay_spotlight, layout_loops_ring, minmay_temple_entry_steel_oval,
          serial_shops, shop, uniq_ijyb, uniq_duvessa, uniq_grinder, uniq_pikel

Skill      XL: |  1  2  3  4 |
---------------+-------------+-----
Ranged Weapons | 3 4 5 |  5.0
Fighting       | 2 |  2.4
Armour         | 1 |  1.3
Dodging        | |  2.1
Spellcasting   | |  1.0
Hexes          | |  2.0

Action                     |  1- 3 |  4- 6 || total
---------------------------+-------+-------++-------
   Fire: Sling             |   108 |    90 ||   198
    Use: Scroll            |     2 |     8 ||    10
         Potion            |       |     3 ||     3
 Armour: Robe              |     4 |       ||     4
         Ring mail         |     6 |    21 ||    27
  Dodge: Dodged            |    36 |    28 ||    64

Table legend:
 A = Non-vault XP
 B = Vault XP
 C = Vault XP percentage of total XP
 D = Non-vault monster count
 E = Vault monster count
 F = Vault count percentage of total count
                 A         B        C        D         E       F
            +---------+---------+-------+---------+---------+-------
      Total |     144 |      37 |  20.4 |      54 |       1 |   1.8
            +---------+---------+-------+---------+---------+-------
        D:1 |      41 |       0 |   0.0 |      22 |       0 |   0.0
        D:2 |      28 |      37 |  56.9 |      14 |       1 |   6.7
        D:3 |      73 |       0 |   0.0 |      17 |       0 |   0.0
        D:4 |       2 |       0 |   0.0 |       1 |       0 |   0.0
            +---------+---------+-------+---------+---------+-------
